[Event "Titled Tuesday Blitz March 22 Late 2022"]
[White "Mikhailovsky, Vladimir"]
[Black "Papp, Levente"]
[WhiteFideId "34105414"]
[BlackFideId "751243"]
[WhiteElo "2371"]
[BlackElo "2308"]
[Result "0-1"]
[Round "04"]
[TimeControl "180+1"]
[Date "2022.03.22"]
[WhiteClock "0:00:06"]
[BlackClock "0:00:06"]

1. e4 e6 2. d4 d5 3. Nd2 Nf6 4. Bd3 c5 5. exd5 exd5 6. Ngf3 c4 7. Be2 Nc6 8. O-O Bd6 9. Re1 O-O 10. Nf1 Bf5 11. Ng3 Bxg3 12. hxg3 Nb4 13. Nh4 Qd7 14. g4 Bxg4 15. a3 Nc6 16. Bg5 Bxe2 17. Rxe2 Ne4 18. Be3 Qg4 19. Nf3 f5 20. Ne5 Qh5 21. Nxc6 bxc6 22. Bf4 g5 23. Be5 f4 24. Qe1 Qg6 25. b3 f3 26. Re3 fxg2 27. f3 Nf6 28. bxc4 dxc4 29. Qe2 Nd5 30. Qxc4 g4 31. fxg4 Rf7 32. Rg3 Raf8 33. Rxg2 Ne3 34. Qe2 Nxg2 35. Kxg2 Rf2+ 36. Qxf2 Rxf2+ 37. Kxf2 Qxc2+ 38. Kg1 c5 39. Rf1 cxd4 40. Bxd4 Qe4 41. Bf2 Qxg4+ 42. Kh2 Qf4+ 43. Kg2 a6 44. Rg1 Kf7 45. Rf1 Ke6 46. Re1+ Kf5 47. Re3 Qg4+ 48. Bg3 Qd1 49. Re5+ Kf6 50. Re3 Qd2+ 51. Kf3 Kf5 52. Re5+ Kf6 53. Re3 Qd5+ 54. Kf2 h5 55. Rf3+ Kg6 56. Bf4 Qa2+ 57. Kg3 Qe2 58. Be3 Qd1 59. Kf4 Qd6+ 60. Ke4 Qc6+ 61. Kf4 h4 62. Kg4 Qe4+ 63. Bf4 h3 64. Rxh3 Qf5+ 65. Kg3 Qd3+ 66. Kg4 Qe2+ 67. Kg3 Kf5 68. Rh4 Qe1+ 69. Kh3 Qf1+ 70. Kg3 Qg1+ 71. Kf3 Qf1+ 72. Kg3 Qd3+ 73. Kg2 Qxa3 74. Bg3 Qb2+ 75. Kh3 Qe2 76. Rf4+ Ke6 77. Rf2 Qh5+ 78. Kg2 Kd5 79. Kf1 Qd1+ 80. Kg2 Kc4 81. Rf4+ Kb3 82. Rf3+ Kc4 83. Rf4+ Kd3 84. Rf1 Qe2+ 85. Rf2 Qe4+ 86. Kh2 a5 87. Rf4 Qe2+ 88. Rf2 Qh5+ 89. Kg2 a4 90. Rf4 Qd5+ 91. Kf2 Qc5+ 92. Kg2 a3 93. Rf3+ Kc2 94. Rf2+ Kd3 95. Rf3+ Kc4 96. Bf2 Qd5 97. Kg3 Qxf3+ 98. Kxf3 a2 99. Ke4 a1=Q 100. Ke3 Qd4+ 101. Kf3 Qd5+ 102. Ke2 Qe4+ 103. Kd2 Qf3 104. Ke1 Kd3 105. Be3 Qe2# 0-1


[Site "https://www.chess.com"]

[Event "Titled Tuesday Blitz March 22 Late 2022"]
[White "Milosevic, Milos"]
[Black "Fishbein, Alexander"]
[WhiteFideId "964875"]
[BlackFideId "2000377"]
[WhiteElo "2237"]
[BlackElo "2442"]
[Result "0-1"]
[Round "04"]
[TimeControl "180+1"]
[Date "2022.03.22"]
[WhiteClock "0:00:02"]
[BlackClock "0:00:38"]

1. e4 c5 2. Nf3 d6 3. d4 cxd4 4. Nxd4 Nf6 5. Nc3 Nc6 6. Be3 e5 7. Nb3 Be7 8. Bc4 O-O 9. O-O Be6 10. Nd5 Nxe4 11. Nxe7+ Qxe7 12. Bxe6 Qxe6 13. f3 Nf6 14. Qd2 b6 15. Rad1 d5 16. Bf2 d4 17. c3 dxc3 18. Qxc3 Rac8 19. Qe3 Nd5 20. Qd2 Rfd8 21. Qg5 f6 22. Qg3 Nf4 23. Rde1 Nd3 24. Re2 Qf5 25. Nc1 Nxf2 26. Qxf2 Nd4 27. Rd2 Rc2 28. Rxc2 Qxc2 29. Qxc2 Nxc2 30. b3 Rd2 31. Rf2 Rxf2 32. Kxf2 Kf7 33. Ke2 Ke6 34. Kd3 Ne1+ 35. Kc4 Nxg2 36. Kb5 Kd6 37. Nd3 Nh4 38. Ne1 Kc7 39. Ka6 Kb8 40. a4 f5 41. a5 bxa5 42. Kxa5 Kb7 43. Kb5 Ng6 44. Kc5 Kc7 45. Nd3 e4 46. fxe4 fxe4 47. Ne1 Nh4 48. h3 Nf3 49. Ng2 Kd7 50. Kd5 Nd2 51. b4 Ke7 52. Kd4 Kd6 53. Ke3 Nf3 54. Kxe4 Ng5+ 55. Kd4 Nxh3 56. Kc4 Nf2 57. Kb5 Nd3 58. Kc4 Ne5+ 59. Kc3 g5 60. Ne3 h5 61. Kd4 Nc6+ 62. Ke4 Nxb4 63. Kf5 g4 0-1


[Site "https://www.chess.com"]

[Event "Titled Tuesday Blitz March 22 Late 2022"]
[White "Mirza, Diana"]
[Black "Kaasen, Tor Fredrik"]
[WhiteFideId "2503999"]
[BlackFideId "1516647"]
[WhiteElo "1813"]
[BlackElo "2335"]
[Result "0-1"]
[Round "04"]
[TimeControl "180+1"]
[Date "2022.03.22"]
[WhiteClock "0:00:11"]
[BlackClock "0:01:23"]

1. d4 Nf6 2. Nf3 g6 3. c4 Bg7 4. Nc3 d5 5. cxd5 Nxd5 6. e3 O-O 7. Bc4 Nxc3 8. bxc3 c5 9. O-O Qc7 10. Qe2 Nc6 11. Bb2 Na5 12. Bd3 Be6 13. Ng5 Bd7 14. c4 e5 15. d5 b6 16. Ne4 Nb7 17. f4 f5 18. Ng5 Rae8 19. fxe5 Bxe5 20. h4 Bxb2 21. Qxb2 Rxe3 22. Rad1 Qe5 23. Qf2 Nd6 24. h5 Qg3 25. Nh3 Rxd3 26. Rxd3 Qxd3 27. hxg6 hxg6 28. Ng5 Qd4 29. Kh2 Qxf2 30. Rxf2 Ne4 31. Nxe4 fxe4 32. Rf6 Rxf6 0-1


[Site "https://www.chess.com"]

[Event "Titled Tuesday Blitz March 22 Late 2022"]
[White "Muetsch, Annmarie"]
[Black "Rozman, Levy"]
[WhiteFideId "12971367"]
[BlackFideId "2039877"]
[WhiteElo "2249"]
[BlackElo "2376"]
[Result "0-1"]
[Round "04"]
[TimeControl "180+1"]
[Date "2022.03.22"]
[WhiteClock "0:00:50"]
[BlackClock "0:01:38"]

1. e4 d5 2. exd5 Nf6 3. Bb5+ Nbd7 4. Nf3 Nxd5 5. d4 e6 6. O-O Be7 7. Be2 O-O 8. c4 N5f6 9. Nc3 b6 10. Be3 Bb7 11. Qc2 c5 12. Rad1 cxd4 13. Nxd4 a6 14. Bf3 Qc7 15. Bxb7 Qxb7 16. Qe2 Rac8 17. Bd2 Rfd8 18. Nxe6 fxe6 19. Qxe6+ Kf8 20. Bf4 Nc5 21. Qf5 Rxd1 22. Rxd1 Rd8 23. Nd5 Qd7 24. Qe5 Bd6 25. Nxf6 Bxe5 26. Nxd7+ Rxd7 0-1


[Site "https://www.chess.com"]

[Event "Titled Tuesday Blitz March 22 Late 2022"]
[White "Nenezic, Marko"]
[Black "Vasquez Schroeder, Rodrigo"]
[WhiteFideId "912123"]
[BlackFideId "3400042"]
[WhiteElo "2457"]
[BlackElo "2561"]
[Result "0-1"]
[Round "04"]
[TimeControl "180+1"]
[Date "2022.03.22"]
[WhiteClock "0:00:13"]
[BlackClock "0:00:52"]

1. Nf3 c5 2. c4 Nf6 3. Nc3 e6 4. g3 b6 5. Bg2 Bb7 6. O-O a6 7. b3 Be7 8. d4 cxd4 9. Qxd4 d6 10. Ba3 Nc6 11. Qf4 Qc7 12. Rfd1 Rd8 13. Ng5 O-O 14. Nge4 Ne8 15. Rac1 Nb8 16. Rd2 Nd7 17. Rcd1 Nc5 18. Nxc5 bxc5 19. Na4 Bxg2 20. Kxg2 Nf6 21. Kg1 Qc6 22. Bb2 Ne4 23. Qf3 f5 24. Rd3 h6 25. Qg2 Rd7 26. f3 Nf6 27. Qf2 Rfd8 28. Qe3 Kf7 29. Qd2 d5 30. cxd5 Nxd5 31. Qc1 Nb4 32. Rxd7 Rxd7 33. Rxd7 Qxd7 34. a3 Nd5 35. Nxc5 Qc6 36. Nd3 Qb6+ 37. Kh1 Qxb3 38. Ne5+ Kg8 39. Qc8+ Kh7 40. Qxe6 Qd1+ 41. Kg2 Qxe2+ 42. Kh3 Qf1# 0-1


[Site "https://www.chess.com"]

[Event "Titled Tuesday Blitz March 22 Late 2022"]
[White "Olsen, Filip Boe"]
[Black "Bernal Moro, Luis Javier"]
[WhiteFideId "1440640"]
[BlackFideId "2200236"]
[WhiteElo "2188"]
[BlackElo "2373"]
[Result "1-0"]
[Round "04"]
[TimeControl "180+1"]
[Date "2022.03.22"]
[WhiteClock "0:00:21"]
[BlackClock "0:00:15"]

1. Nf3 Nf6 2. c4 c5 3. Nc3 Nc6 4. d4 cxd4 5. Nxd4 e6 6. g3 Bc5 7. Nc2 d5 8. cxd5 exd5 9. Bg2 Be6 10. O-O O-O 11. Bg5 d4 12. Ne4 Be7 13. Nxf6+ Bxf6 14. Bxf6 Qxf6 15. Bxc6 bxc6 16. Qxd4 Qg6 17. Ne3 Rfd8 18. Qf4 c5 19. b3 Rd4 20. Qf3 Rad8 21. Rac1 Qg5 22. Rc2 Bh3 23. Rfc1 h5 24. Qc6 Rc8 25. Qa6 h4 26. Qxa7 Rcd8 27. Qxc5 Qf6 28. Qc6 R4d6 29. Qf3 Qxf3 30. exf3 hxg3 31. hxg3 Be6 32. Kg2 Ra6 33. b4 Rda8 34. b5 Rxa2 35. Rxa2 Rxa2 36. Rb1 Ra7 37. b6 Rb7 38. Rb4 Kf8 39. f4 Ke7 40. Kf3 Kd6 41. Ke4 Bd7 42. Nc4+ Kc5 43. Na5 Kxb4 44. Nxb7 Bc6+ 45. Ke5 Bxb7 46. Kd6 f5 47. Kc7 Be4 48. b7 Bxb7 49. Kxb7 Kc5 50. Kc7 Kd5 51. Kd7 Ke4 52. Ke6 Kf3 53. Kxf5 Kxf2 54. g4 Kg3 55. g5 Kf3 56. g6 Kg3 57. Ke6 Kxf4 58. Kf7 Kg5 59. Kxg7 Kg4 60. Kf7 Kf4 61. g7 Ke4 62. g8=Q Kd3 63. Qg6+ Kc3 64. Qg4 Kb3 65. Qd4 Kc2 66. Qe3 Kb2 67. Qd3 Kc1 68. Qe2 Kb1 69. Qd2 Ka1 70. Ke6 1-0


[Site "https://www.chess.com"]

[Event "Titled Tuesday Blitz March 22 Late 2022"]
[White "Omariev, Maksim"]
[Black "Winkels, Marcel"]
[WhiteFideId "4193423"]
[BlackFideId "1003887"]
[WhiteElo "2508"]
[BlackElo "1900"]
[Result "1/2-1/2"]
[Round "04"]
[TimeControl "180+1"]
[Date "2022.03.22"]
[WhiteClock "0:00:05"]
[BlackClock "0:00:16"]

1. g4 d5 2. Bg2 c6 3. h3 e5 4. d4 e4 5. c4 Nf6 6. Nc3 Be7 7. Bg5 O-O 8. e3 a6 9. Nge2 b5 10. c5 h6 11. Bf4 Nh7 12. Ng3 Bg5 13. Nce2 Qa5+ 14. Qd2 Qxd2+ 15. Kxd2 Bxf4 16. exf4 Nd7 17. f5 Nhf6 18. b4 a5 19. a3 Bb7 20. Nf4 axb4 21. axb4 Rxa1 22. Rxa1 Ra8 23. Rxa8+ Bxa8 24. f3 exf3 25. Bxf3 Bb7 26. Nge2 Kf8 27. Nc1 Ke7 28. Nb3 Kd8 29. Na5 Kc7 30. Ke3 Bc8 31. h4 Nb8 32. Nd3 Nbd7 33. g5 hxg5 34. hxg5 Ng8 35. Kf4 Nb8 36. Bh5 f6 37. Bf7 Ne7 38. Be6 Bd7 39. gxf6 gxf6 40. Kg4 Na6 41. Bxd7 Kxd7 42. Nb7 Nc7 43. Nd6 Ne8 44. Nxe8 Kxe8 45. Nf4 Kf7 46. Ne6 Kg8 47. Nf4 Kg7 48. Nh5+ Kf7 49. Ng3 Ng8 50. Kh5 Kg7 51. Nf1 Ne7 52. Ne3 Kh7 53. Kg4 Kh6 54. Ng2 Ng8 55. Nf4 Ne7 56. Ne6 Kh7 57. Nd8 Kg7 58. Ne6+ Kh7 59. Nf4 Kg7 60. Nh5+ Kf7 61. Kf4 Ng8 62. Kf3 Nh6 63. Ng3 Ng8 64. Kg4 Ne7 65. Kh5 Kg7 66. Kg4 Ng8 67. Ne2 Ne7 68. Nf4 Kf7 69. Nd3 Kg7 70. Nc1 Kf7 71. Nb3 Kg7 72. Na5 Kf7 73. Nb7 Kg7 74. Nd8 Kg8 75. Ne6 Kf7 76. Nc7 Kg7 77. Ne8+ Kf7 78. Nd6+ Kg7 79. Kf4 Kf8 80. Nb7 Kf7 81. Nd8+ Kg7 82. Ne6+ Kf7 83. Kg4 Kg8 84. Nf4 Kf7 1/2-1/2


[Site "https://www.chess.com"]

[Event "Titled Tuesday Blitz March 22 Late 2022"]
[White "P., Komal Kishore"]
[Black "Liu, Leonardo"]
[WhiteFideId "5016703"]
[BlackFideId "30965780"]
[WhiteElo "2068"]
[BlackElo "2294"]
[Result "0-1"]
[Round "04"]
[TimeControl "180+1"]
[Date "2022.03.22"]
[WhiteClock "0:00:18"]
[BlackClock "0:01:34"]

1. e4 c5 2. Nf3 g6 3. c3 Bg7 4. d4 cxd4 5. cxd4 d5 6. Nc3 dxe4 7. Nxe4 Nf6 8. Nxf6+ Bxf6 9. Be2 O-O 10. O-O Nc6 11. Bh6 Re8 12. d5 Ne5 13. Rc1 Bf5 14. Nd4 Be4 15. f4 Nd7 16. Bf3 Bxf3 17. Rxf3 Qb6 18. Rd3 Nc5 19. Rd2 Rad8 20. f5 Ne4 21. fxg6 hxg6 22. Rd3 Rxd5 23. Be3 Red8 24. Nf5 Rxd3 25. Nh6+ Kh7 0-1


[Site "https://www.chess.com"]

[Event "Titled Tuesday Blitz March 22 Late 2022"]
[White "Papasimakopoulos, Alexandros"]
[Black "Msellek, Ilyass"]
[WhiteFideId "4244125"]
[BlackFideId "675938"]
[WhiteElo "2340"]
[BlackElo "2219"]
[Result "0-1"]
[Round "04"]
[TimeControl "180+1"]
[Date "2022.03.22"]
[WhiteClock "0:00:03"]
[BlackClock "0:00:32"]

1. d4 d6 2. c4 Nf6 3. Nf3 g6 4. Nc3 Bg7 5. Bg5 O-O 6. e3 h6 7. Bh4 Bf5 8. Be2 Nbd7 9. Nd2 g5 10. Bg3 e5 11. d5 Bg6 12. O-O a5 13. a3 Nc5 14. b4 axb4 15. axb4 Rxa1 16. Qxa1 Nd3 17. Qa4 e4 18. Nb5 Nh5 19. Bxh5 Bxh5 20. Nxe4 f5 21. Nexd6 f4 22. Nxb7 Qf6 23. exf4 gxf4 24. Qc2 Nxb4 25. Qd2 fxg3 26. hxg3 Na6 27. Qa5 Be2 28. Re1 Qxf2+ 29. Kh2 Be5 30. Qa3 Qxe1 31. Nxc7 Nxc7 32. d6 Rf1 0-1


[Site "https://www.chess.com"]

[Event "Titled Tuesday Blitz March 22 Late 2022"]
[White "Papp, Petra"]
[Black "Vifleemskaia, Svetlana"]
[WhiteFideId "739049"]
[BlackFideId "4129490"]
[WhiteElo "2259"]
[BlackElo "1901"]
[Result "0-1"]
[Round "04"]
[TimeControl "180+1"]
[Date "2022.03.22"]
[WhiteClock "0:00:01"]
[BlackClock "0:00:06"]

1. d4 Nf6 2. c4 e6 3. g3 Bb4+ 4. Nd2 Qe7 5. Bg2 Nc6 6. Nf3 d6 7. O-O Bxd2 8. Qxd2 a5 9. Qc2 e5 10. dxe5 dxe5 11. Be3 O-O 12. Rfd1 Ng4 13. Bg5 Qc5 14. e4 f5 15. Rd2 h6 16. h3 Nxf2 17. Rxf2 fxe4 18. Nh2 hxg5 19. Rf1 Bf5 20. Bxe4 Nd4 21. Qd3 Bxe4 22. Qxe4 Nf5 23. Qg4 Qe3 24. Kg2 Nd4 25. Rxf8+ Rxf8 26. Rxf8+ Kxf8 27. Qc8+ Kf7 28. Qxc7+ Kf6 29. Qd8+ Kg6 30. Qd6+ Kh7 31. Ng4 Qe2+ 32. Kg1 Nf3+ 33. Kh1 Qf1# 0-1


[Site "https://www.chess.com"]

[Event "Titled Tuesday Blitz March 22 Late 2022"]
[White "Perera Alfonso, Rene Humberto"]
[Black "Jaskolka, Tomasz"]
[WhiteFideId "3514722"]
[BlackFideId "1170791"]
[WhiteElo "2313"]
[BlackElo "2073"]
[Result "1-0"]
[Round "04"]
[TimeControl "180+1"]
[Date "2022.03.22"]
[WhiteClock "0:02:41"]
[BlackClock "0:01:30"]

1. e4 c5 2. Nf3 e6 3. d4 cxd4 4. Nxd4 Nc6 5. Nc3 Qc7 6. g3 Nf6 7. Ndb5 Qb8 8. Bf4 e5 9. Bg5 a6 10. Bxf6 gxf6 11. Na3 Bb4 12. Bg2 b5 13. Nb1 Nd4 14. O-O Bb7 15. Nd5 Bxd5 16. exd5 Bd6 17. c3 Nf5 18. Qf3 Ne7 19. Qxf6 Rg8 20. Nd2 Rg6 21. Qh8+ Rg8 22. Qxh7 f5 23. a4 Kd8 24. axb5 axb5 25. Qh6 Rg6 26. Qf8+ Kc7 27. Rxa8 1-0


[Site "https://www.chess.com"]

[Event "Titled Tuesday Blitz March 22 Late 2022"]
[White "Perez Torres, Nabi Isaias"]
[Black "Cervantes Landeiro, Thalia"]
[WhiteFideId "5120373"]
[BlackFideId "3520498"]
[WhiteElo "1755"]
[BlackElo "2021"]
[Result "1-0"]
[Round "04"]
[TimeControl "180+1"]
[Date "2022.03.22"]
[WhiteClock "0:00:14"]
[BlackClock "0:00:02"]

1. d4 Nf6 2. c4 g6 3. Nf3 Bg7 4. Nc3 d5 5. cxd5 Nxd5 6. Bg5 Nxc3 7. bxc3 O-O 8. e4 c5 9. Rc1 Bg4 10. d5 Nd7 11. Qd2 Nf6 12. Qf4 Bxf3 13. Qxf3 Qa5 14. h4 Qxa2 15. h5 Qa4 16. Bd3 Qd7 17. Rh4 h6 18. Bxf6 Bxf6 19. Rg4 g5 20. e5 Bxe5 21. Qe4 f5 22. Qxe5 fxg4 23. Qe4 Rf7 24. Qg6+ Rg7 25. Qxh6 Qxd5 26. Rd1 Qe5+ 27. Kf1 Re8 28. Bc4+ e6 29. Re1 Qf5 30. Rxe6 Rxe6 31. Bxe6+ Qf7 32. Bxf7+ Kxf7 33. Qd6 b6 34. h6 Rh7 35. Qd7+ Kg6 36. Qxg4 Kxh6 37. Qe6+ Kh5 38. g3 Rg7 39. Kg2 g4 40. f3 gxf3+ 41. Kxf3 Rg6 42. Qf5+ Kh6 43. g4 Kg7 44. Ke4 Rf6 45. Qe5 Kf7 46. Kd5 Rg6 47. Qf5+ Kg7 48. Qd7+ Kh6 49. Kc4 a6 50. Kd5 Rg5+ 51. Kc6 Rg6+ 52. Kd5 Rg5+ 53. Ke4 b5 54. Kf4 Rg6 55. Qf5 Kg7 56. g5 a5 57. Qxc5 Re6 58. Qxb5 Re7 59. Qxa5 Rf7+ 60. Kg4 Rf1 61. Qe5+ Kf7 62. Qe3 Ra1 63. c4 Ra4 64. Qe4 Kg7 65. g6 Kf6 66. Qf5+ Kg7 67. Qf7+ Kh6 68. Qh7# 1-0


[Site "https://www.chess.com"]

[Event "Titled Tuesday Blitz March 22 Late 2022"]
[White "Pesotskiy, Mikhail"]
[Black "Delorme, Alban"]
[WhiteFideId "34164453"]
[BlackFideId "623636"]
[WhiteElo "2010"]
[BlackElo "2197"]
[Result "1-0"]
[Round "04"]
[TimeControl "180+1"]
[Date "2022.03.22"]
[WhiteClock "0:01:03"]
[BlackClock "0:01:18"]

1. d4 Nf6 2. c4 e6 3. Nc3 d5 4. cxd5 exd5 5. Bg5 Nbd7 6. e3 Be7 7. Bd3 O-O 8. Qc2 b6 9. Nf3 Bb7 10. O-O c5 11. Rfd1 g6 12. Ne5 Rc8 13. Bb5 c4 14. Qa4 Nxe5 15. dxe5 Ne4 16. Nxe4 Bxg5 17. Nxg5 Qxg5 18. Qxa7 Rb8 19. f4 Qg4 20. Qxb6 d4 21. Bc6 Bxc6 22. Qxc6 dxe3 23. Qxc4 Rxb2 24. Qe4 Rf2 25. Re1 e2 26. Kxf2 1-0


[Site "https://www.chess.com"]

[Event "Titled Tuesday Blitz March 22 Late 2022"]
[White "Petesch, Gabriel"]
[Black "Kohler, Aran"]
[WhiteFideId "2032465"]
[BlackFideId "1002856"]
[WhiteElo "2374"]
[BlackElo "2282"]
[Result "1-0"]
[Round "04"]
[TimeControl "180+1"]
[Date "2022.03.22"]
[WhiteClock "0:01:14"]
[BlackClock "0:00:05"]

1. Nf3 Nc6 2. g3 e5 3. Bg2 d5 4. O-O e4 5. Ne1 f5 6. d3 Nf6 7. c4 dxc4 8. Nc3 Be6 9. Bg5 Be7 10. dxe4 Qxd1 11. Rxd1 Nxe4 12. Nxe4 fxe4 13. Bxe7 Nxe7 14. Bxe4 c6 15. Rd6 Bd5 16. Bc2 Nc8 17. Rxd5 cxd5 18. Nf3 Nb6 19. Rd1 O-O-O 20. Nd4 Rhe8 21. Bxh7 a6 22. h4 Kb8 23. Kg2 Na4 24. Rd2 b5 25. Nc6+ Kc7 26. Nxd8 Rxd8 27. h5 d4 28. g4 b4 29. g5 c3 30. bxc3 bxc3 31. Rd1 Nc5 32. f4 Ne6 33. Kg3 Kc6 34. Be4+ Kc5 35. Kg4 Kb4 36. f5 Nc5 37. Bc2 Ka3 38. f6 gxf6 39. g6 Kb2 40. Bf5 d3 41. exd3 c2 42. Rd2 Kc3 43. Rxc2+ Kxc2 44. d4+ Nd3 45. g7 Rxd4+ 46. Kg3 Rd8 47. h6 Kd2 48. h7 Ne5 49. g8=Q Rd4 50. h8=Q Ke3 51. Qg4 Nxg4 52. Bxg4 Kd2 53. Qxf6 Rd3+ 54. Kf2 a5 55. Qb2# 1-0


[Site "https://www.chess.com"]

[Event "Titled Tuesday Blitz March 22 Late 2022"]
[White "Petrova, Irina"]
[Black "Hartikainen, Jarmo"]
[WhiteFideId "14124122"]
[BlackFideId "503134"]
[WhiteElo "1993"]
[BlackElo "2101"]
[Result "1/2-1/2"]
[Round "04"]
[TimeControl "180+1"]
[Date "2022.03.22"]
[WhiteClock "0:00:19"]
[BlackClock "0:00:08"]

1. e4 c5 2. Nf3 Nc6 3. Bb5 g6 4. Bxc6 dxc6 5. d3 Bg4 6. Nc3 Bg7 7. Be3 b6 8. h3 Bxf3 9. Qxf3 e5 10. Qe2 Nf6 11. Qd2 h6 12. O-O Nd7 13. f4 Qe7 14. a4 a5 15. Qf2 exf4 16. Qxf4 O-O 17. Rae1 Nf6 18. Qh4 Nd5 19. Qxe7 Nxe7 20. Bf4 Rac8 21. e5 Nd5 22. Bd2 Nxc3 23. Bxc3 Rce8 24. Re4 Re6 25. Rfe1 Rfe8 26. Kf2 h5 27. Kf3 Kh7 28. g4 hxg4+ 29. hxg4 Kg8 30. g5 Kf8 31. Kg4 Ke7 32. Rf1 Rf8 33. Rf2 Kd7 34. Ref4 Ke7 35. Re4 Rh8 36. Ref4 Rf8 37. Re4 1/2-1/2


[Site "https://www.chess.com"]

[Event "Titled Tuesday Blitz March 22 Late 2022"]
[White "Pichot, Alan"]
[Black "Paszewski, Mateusz"]
[WhiteFideId "110973"]
[BlackFideId "1141058"]
[WhiteElo "2579"]
[BlackElo "2102"]
[Result "0-1"]
[Round "04"]
[TimeControl "180+1"]
[Date "2022.03.22"]
[WhiteClock "0:01:41"]
[BlackClock "0:00:38"]

1. e4 c5 2. Nf3 d6 3. d4 cxd4 4. Nxd4 Nf6 5. Nc3 g6 6. Be3 Bg7 7. f3 O-O 8. Qd2 Nc6 9. O-O-O d5 10. Qe1 e5 11. Nxc6 bxc6 12. exd5 Nxd5 13. Bc4 Be6 14. Kb1 a5 15. h4 Qc7 16. Ne4 Nxe3 17. Bxe6 Nxd1 18. Bc4 Nxb2 19. Kxb2 Rab8+ 20. Ka1 Qb6 21. Qc3 Qb4 22. Qb3 a4 23. c3 axb3 24. cxb4 bxa2 25. Bxa2 Rxb4 26. h5 Ra8 27. Rd1 Rba4 28. Rd2 Kf8 29. hxg6 hxg6 30. Kb1 f5 31. Nc5 Rb4+ 32. Bb3 Ra5 33. Ne6+ Ke7 34. Kc2 Rxb3 35. Nxg7 Ra2+ 0-1


[Site "https://www.chess.com"]

[Event "Titled Tuesday Blitz March 22 Late 2022"]
[White "Pinheiro, Iung Alicio de O."]
[Black "Sochacki, Christophe"]
[WhiteFideId "2104350"]
[BlackFideId "662569"]
[WhiteElo "2539"]
[BlackElo "2480"]
[Result "0-1"]
[Round "04"]
[TimeControl "180+1"]
[Date "2022.03.22"]
[WhiteClock "0:00:01"]
[BlackClock "0:00:21"]

1. c4 e5 2. g3 Nf6 3. Bg2 Nc6 4. Nc3 Bc5 5. a3 a6 6. e3 O-O 7. Nge2 d6 8. h3 Ba7 9. d4 exd4 10. exd4 Re8 11. O-O Bf5 12. g4 Bg6 13. Be3 Ne4 14. Nd5 Rc8 15. Ndf4 Qh4 16. Re1 h5 17. Nxg6 fxg6 18. g5 Nxg5 19. Nf4 Ne7 20. Qd3 Kh7 21. Bd2 Nf5 22. Be3 Bxd4 23. Nxg6 Kxg6 24. Bxg5 Qxg5 25. Re4 Rxe4 26. Qxe4 Bf6 27. Re1 Rf8 28. Kh1 Kh6 29. Rg1 Qh4 0-1


[Site "https://www.chess.com"]

[Event "Titled Tuesday Blitz March 22 Late 2022"]
[White "Plotnikov, Pavel"]
[Black "Maksimovic, Bojan"]
[WhiteFideId "4170342"]
[BlackFideId "14408120"]
[WhiteElo "2298"]
[BlackElo "2448"]
[Result "0-1"]
[Round "04"]
[TimeControl "180+1"]
[Date "2022.03.22"]
[WhiteClock "0:00:04"]
[BlackClock "0:00:05"]

1. e4 c5 2. c3 d5 3. exd5 Qxd5 4. d4 Nf6 5. Nf3 Bg4 6. Be2 e6 7. h3 Bh5 8. Be3 cxd4 9. cxd4 Nc6 10. O-O Be7 11. Nc3 Qd6 12. Qb3 O-O 13. Rfd1 Rfd8 14. Rac1 Rab8 15. d5 Nxd5 16. Nxd5 exd5 17. Rc5 Bxf3 18. Bxf3 d4 19. Rd5 Qe6 20. Bxd4 Nxd4 21. R5xd4 Rxd4 22. Rxd4 Qe1+ 23. Kh2 Qxf2 24. Rd7 Qc5 25. Qd5 b6 26. Qxc5 Bxc5 27. Bd5 Rf8 28. Rxa7 g6 29. g4 Kg7 30. g5 Be3 31. h4 h6 32. Re7 Bc1 33. gxh6+ Bxh6 34. Kg3 Kf6 35. Rb7 Be3 36. Kf3 Bc5 37. b4 Bd4 38. a4 Ke5 39. Bxf7 Kf6 40. Bc4 Ke5+ 41. Kg3 Bf2+ 42. Kg4 Rf4+ 43. Kh3 Rxh4+ 44. Kg2 Bd4 45. Re7+ Kf6 46. Re6+ Kf5 47. Rd6 Rg4+ 48. Kf3 Rf4+ 49. Ke2 Be5 50. Rd5 Rxc4 51. Rb5 Ke4 52. a5 bxa5 53. bxa5 Ra4 54. Kd2 g5 55. Kc2 g4 56. Kb3 Ra1 57. Rb4+ Bd4 58. Ra4 Rxa4 59. Kxa4 g3 0-1


[Site "https://www.chess.com"]

[Event "Titled Tuesday Blitz March 22 Late 2022"]
[White "Rabineau, Clement"]
[Black "Do Valle Cardoso, Lucas"]
[WhiteFideId "628891"]
[BlackFideId "2163144"]
[WhiteElo "2237"]
[BlackElo "2331"]
[Result "1-0"]
[Round "04"]
[TimeControl "180+1"]
[Date "2022.03.22"]
[WhiteClock "0:01:06"]
[BlackClock "0:02:26"]

1. e4 c5 2. c3 d5 3. exd5 Qxd5 4. d4 cxd4 5. cxd4 Nc6 6. Nf3 Nf6 7. Nc3 Qa5 8. d5 Nb4 9. a3 Nbxd5 10. Bb5+ Bd7 11. Bxd7+ Kxd7 12. b4 Qa6 13. Nxd5 Nxd5 14. Qxd5+ Ke8 15. Ne5 e6 16. Qd7# 1-0


[Site "https://www.chess.com"]

[Event "Titled Tuesday Blitz March 22 Late 2022"]
[White "Rastbod, Ali"]
[Black "Grischuk, Alexander"]
[WhiteFideId "12567477"]
[BlackFideId "4126025"]
[WhiteElo "2200"]
[BlackElo "2762"]
[Result "0-1"]
[Round "04"]
[TimeControl "180+1"]
[Date "2022.03.22"]
[WhiteClock "0:00:11"]
[BlackClock "0:00:04"]

1. c4 b6 2. Nf3 Bb7 3. g3 c5 4. Bg2 g6 5. O-O Bg7 6. Nc3 Nc6 7. e3 Bxc3 8. dxc3 f5 9. e4 fxe4 10. Ng5 Nf6 11. Nxe4 Nxe4 12. Bxe4 Qc7 13. Bf4 d6 14. Qg4 Qd7 15. Qf3 O-O-O 16. Rfe1 Rhf8 17. Qg2 Rde8 18. Rad1 Nd8 19. Bd5 Rf5 20. b4 Ref8 21. Bh6 Rxf2 22. Bxf8 Rxg2+ 23. Kxg2 Ne6 24. Bh6 Nc7 25. Bxb7+ Kxb7 26. bxc5 Qc6+ 27. Kg1 Qxc5+ 28. Be3 Qxc4 29. Bf2 Qf7 30. Re2 Kc6 31. Rde1 Kd7 32. Bd4 Nb5 33. a4 Na3 34. Rf2 Qg8 35. Rfe2 e5 36. Bf2 Nc4 37. Rd1 Kc6 38. Re4 g5 39. g4 h6 40. Bg3 Qe6 41. h3 Na5 42. Re2 Nb7 43. Red2 Qc4 44. Rc1 Qxa4 45. c4 Qa3 0-1


[Site "https://www.chess.com"]

[Event "Titled Tuesday Blitz March 22 Late 2022"]
[White "Riehle, Marco"]
[Black "Garriga Cazorla, Pere"]
[WhiteFideId "12904392"]
[BlackFideId "32011601"]
[WhiteElo "2462"]
[BlackElo "2458"]
[Result "1-0"]
[Round "04"]
[TimeControl "180+1"]
[Date "2022.03.22"]
[WhiteClock "0:00:38"]
[BlackClock "0:00:56"]

1. e4 c5 2. a3 g6 3. h4 h5 4. Nc3 Bg7 5. Bc4 e6 6. d3 Ne7 7. Bg5 Nbc6 8. Nge2 d6 9. Qd2 a6 10. O-O-O b5 11. Ba2 b4 12. axb4 cxb4 13. Na4 Qa5 14. Bb3 Bd7 15. Kb1 Rc8 16. d4 Na7 17. Bxe7 Kxe7 18. Qg5+ Qxg5 19. hxg5 Rc7 20. f4 Bb5 21. Rhe1 Re8 22. Ng1 Nc6 23. Nf3 Na5 24. e5 Rec8 25. g3 Nxb3 26. cxb3 Bc6 27. Nd2 Bf8 28. Rc1 Ke8 29. Rc4 Bb5 30. Rxc7 Rxc7 31. Re3 dxe5 32. dxe5 Kd7 33. Ne4 Kc6 34. Re1 Kd5 35. Nf6+ Kd4 36. Nb6 Bd3+ 37. Ka2 Bc5 38. Nc4 Bxc4 39. Re4+ Kd3 40. Rxc4 a5 41. Ne4 Bb6 42. Rxc7 Bxc7 43. Nd6 Ke3 44. Nxf7 Kf3 45. f5 Bxe5 46. fxe6 1-0


[Site "https://www.chess.com"]

[Event "Titled Tuesday Blitz March 22 Late 2022"]
[White "Romanchuk, Viktor"]
[Black "Zhou, Qiyu"]
[WhiteFideId "14109271"]
[BlackFideId "505161"]
[WhiteElo "2242"]
[BlackElo "1925"]
[Result "0-1"]
[Round "04"]
[TimeControl "180+1"]
[Date "2022.03.22"]
[WhiteClock "0:00:01"]
[BlackClock "0:00:03"]

1. d4 Nf6 2. c4 e6 3. Nc3 Bb4 4. e3 O-O 5. Ne2 b6 6. a3 Bxc3+ 7. Nxc3 Bb7 8. Bd3 d5 9. cxd5 exd5 10. O-O Nbd7 11. b4 c5 12. bxc5 bxc5 13. dxc5 Nxc5 14. Be2 Qd7 15. Bb2 Rfd8 16. Nb5 Qe7 17. Rc1 Nfe4 18. Qd4 f6 19. f3 Nb3 20. Qb4 Qxb4 21. axb4 Nxc1 22. Rxc1 Nd6 23. Rc7 Ba6 24. Nxd6 Rxd6 25. b5 Bc8 26. Bd4 Rd7 27. Rc3 Bb7 28. Ra3 Kf7 29. Rxa7 Rxa7 30. Bxa7 Ke6 31. Bd4 f5 32. h4 g6 33. Kf2 Rd8 34. Kg3 Ra8 35. Bd3 Ra3 36. Bb1 Rb3 37. Bc2 Rxb5 38. Bd3 Rb3 39. Bf1 Rb1 40. Bd3 Rd1 41. Bb5 Rd2 42. Kh3 Bc8 43. Kg3 Bd7 44. Ba6 Ra2 45. Bd3 Kf7 46. Bf1 Rc2 47. Bd3 Rc1 48. Kf4 Ke6 49. g3 Ba4 50. Kg5 Rg1 51. g4 Bd1 0-1


[Site "https://www.chess.com"]